 Dungeon Crawl Stone Soup version 0.23-a0-29-g1be82e5 (webtiles) character file.

9 Amnesiac the Gusty (level 2, -4/19 HPs)
             Began as a Mummy Air Elementalist on Aug 3, 2018.
             Slain by a hobgoblin
             ... wielding a +0 club
             ... led by Robin
              (5 damage)
             ... on level 2 of the Dungeon.
             The game lasted 00:00:57 (337 turns).

Amnesiac the Gusty (Mummy Air Elementalist)          Turns: 337, Time: 00:00:58

Health: -4/19      AC:  2    Str: 11    XL:     2   Next: 3%
Magic:  0/5        EV: 12    Int: 14    God:
Gold:   8          SH:  0    Dex: 12    Spells: 5/6 levels left

rFire    x . .     SeeInvis .   c - +0 dagger
rCold    + . .     Gourm    .   (no shield)
rNeg     + + +     Faith    .   a - +0 robe
rPois    ∞         Spirit   .   (no helmet)
rElec    .         Reflect  .   (no cloak)
rCorr    .         Harm     .   (no gloves)
MR       .....                  (no boots)
Stlth    ++........             (no amulet)
HPRegen  0.06/turn              (no ring)
MPRegen  0.09/turn              (no ring)

@: no status effects
A: no food or potions, fire vulnerability, cold resistance 1, negative energy
resistance 3, torment resistance, unbreathing
a: no special abilities


You were on level 2 of the Dungeon.
You were not hungry.

You visited 1 branch of the dungeon, and saw 2 of its levels.

You collected 8 gold pieces.

Inventory:

Hand Weapons
 c - a +0 dagger (weapon)
Armour
 a - a +0 robe (worn)
Scrolls
 b - a scroll of identify {!r, unknown}


   Skills:
 - Level 1.5 Dodging
 - Level 1.5 Stealth
 + Level 2.8 Spellcasting
 - Level 0.7 Conjurations
 * Level 2.9 Air Magic


You had 5 spell levels left.
You knew the following spells:

 Your Spells              Type           Power        Failure   Level  Hunger
a - Shock                 Conj/Air       #...         11%         1    N/A

Your spell library contained the following spells:

 Spells                   Type           Power        Failure   Level  Hunger
 Lightning Bolt           Conj/Air       #.........   96%         5    N/A
 Swiftness                Chrm/Air       #.......     19%         2    N/A
 Airstrike                Air            ##........   54%         4    N/A
 Static Discharge         Conj/Air       #.......     30%         3    N/A

Dungeon Overview and Level Annotations

Branches:
Dungeon (2/15)

Altars:
Zin


Innate Abilities, Weirdness & Mutations

You do not eat or drink.
Your flesh is vulnerable to fire.
You are immune to poison.
Your flesh is cold resistant. (rC+)
You are immune to negative energy. (rN+++)
You are immune to unholy pain and torment.
You can survive without breathing.


Message History

You don't have enough magic to cast that spell.
The goblin falls through a shaft!
The shaft crumbles and collapses.
Casting: Shock (safe; 11% risk of failure)
Confirm with . or Enter, or press ? or * to list all spells.
You don't have enough magic to cast that spell.
Casting: Shock (safe; 11% risk of failure)
Confirm with . or Enter, or press ? or * to list all spells.
Aiming: Shock (safe; 11% risk of failure)
Press: ? - help, Shift-Dir - straight line, f - goblin
Aim: a goblin The zap hits the goblin.
The goblin is moderately wounded.
The zap hits the hobgoblin.
The hobgoblin is heavily wounded.
Casting: Shock (safe; 11% risk of failure)
Confirm with . or Enter, or press ? or * to list all spells.
You don't have enough magic to cast that spell.
Casting: Shock (safe; 11% risk of failure)
Confirm with . or Enter, or press ? or * to list all spells.
You don't have enough magic to cast that spell.
Casting: Shock (safe; 11% risk of failure)
Confirm with . or Enter, or press ? or * to list all spells.
You don't have enough magic to cast that spell.
Casting: Shock (safe; 11% risk of failure)
Confirm with . or Enter, or press ? or * to list all spells.
You don't have enough magic to cast that spell.
Casting: Shock (safe; 11% risk of failure)
Confirm with . or Enter, or press ? or * to list all spells.
You don't have enough magic to cast that spell.
Casting: Shock (safe; 11% risk of failure)
Confirm with . or Enter, or press ? or * to list all spells.
You don't have enough magic to cast that spell.
Casting: Shock (safe; 11% risk of failure)
Confirm with . or Enter, or press ? or * to list all spells.
Aiming: Shock (safe; 11% risk of failure)
Press: ? - help, Shift-Dir - straight line, f/p - goblin
Aim: a goblin (moderately wounded)
The zap hits the goblin.
You kill the goblin!
You have reached level 2!
The zap hits the hobgoblin.
The hobgoblin is almost dead.
You barely miss the hobgoblin.
The hobgoblin is almost dead.
The hobgoblin barely misses you.
You closely miss the hobgoblin.
The hobgoblin is almost dead.
The hobgoblin hits you with a club.
* * * LOW HITPOINT WARNING * * *
Things that are here:
a club; a goblin corpse
Casting: Shock (safe; 11% risk of failure)
Confirm with . or Enter, or press ? or * to list all spells.
Aiming: Shock (safe; 11% risk of failure)
Press: ? - help, Shift-Dir - straight line The zap hits the hobgoblin.
The hobgoblin is almost dead.
The zap misses the hobgoblin.
The hobgoblin hits you with a club.
* * * LOW HITPOINT WARNING * * *
Unknown command.
You closely miss the hobgoblin.
The hobgoblin is almost dead.
The hobgoblin hits you with a club.
You die...

###########
###############
..........#
#...g..........
#########.#
#.#############
#.# #.# #.# #.#
#.#########)#
#.†.....@g..#
#############


You could see a hobgoblin.

Vanquished Creatures
  3 goblins (D:2)
  A hobgoblin (D:1)
  A kobold (D:2)
  A ball python (D:2)
  A bat (D:2)
  A frilled lizard (D:2)
8 creatures vanquished.

Notes
Turn   | Place    | Note
-------+----------+-------------------------------------------
     0 | D:1      | Amnesiac the Mummy Air Elementalist began the quest for the Orb.
     0 | D:1      | Reached XP level 1. HP: 13/13 MP: 4/4
   175 | D:2      | Found a glowing silver altar of Zin.
   322 | D:2      | Reached XP level 2. HP: 8/19 MP: 0/5
   337 | D:2      | Slain by a hobgoblin

Vault maps used:
D:1:      tarquinn_simple_flora_water_b, serial_bayou_pond_d,
          hangedman_decor_clover_reticule
D:2:      zin_statuary, lemuel_doored_altar, uniq_robin

Action                   || total
-------------------------++-------
Melee: Dagger            ||     9
       Unarmed           ||     3
 Cast: Shock             ||    19
Armor: Robe              ||     2
Dodge: Dodged            ||     5

Table legend:
 A = Spawn XP
 B = Non-spawn XP
 C = Spawn XP percentage of total XP
 D = Spawn monster count
 E = Non-spawn monster count
 F = Spawn count percentage of total count
 G = Total turns spent on level
                    A         B        C        D         E        F      G
               +---------+---------+-------+---------+---------+-------+---------
         Total |       0 |      13 |   0.0 |       0 |       8 |   0.0 |   337
               +---------+---------+-------+---------+---------+-------+---------
           D:1 |       0 |       2 |   0.0 |       0 |       1 |   0.0 |    33
           D:2 |       0 |      11 |   0.0 |       0 |       7 |   0.0 |   304
               +---------+---------+-------+---------+---------+-------+---------
